Map: Goldenaura LE

Players

LiquidMaNa (MaNa) - Winner!

  • Race: Protoss Protoss
  • League: Grandmaster
  • Spawn Location: 12:00

Fjant

  • Race: Zerg Zerg
  • League: Grandmaster
  • Spawn Location: 5:00

Event: HomeStory Cup XXV

VOD

Have the link to the VOD?

Description

Time

  • Played on: June 21, 2024, 10:16 a.m.
  • Length: 14:44

All games in this series

Show
View Real Time Build Order
Export as new Build Order

LiquidMaNa Protoss - Winner!

Build Orders: 1 Gate Expand, Oracle Opening 

Get SALT Encoding   

  12  0:00  Probe  
  13  0:12  Probe  
  14  0:19  Pylon  
  14  0:24  Probe  
  15  0:37  Probe (Chrono Boost)  
  16  0:43  Gateway  
  16  0:46  Probe (Chrono Boost)  
  17  0:50  Assimilator  
  17  0:51  Probe  
  18  1:03  Probe (Chrono Boost)  
  19  1:13  Probe (Chrono Boost)  
  19  1:18  Probe (Chrono Boost)  
  21  1:31  Nexus  
  21  1:40  Cybernetics Core  
  21  1:44  Probe  
  22  1:49  Assimilator  
  22  1:58  Pylon  
  22  1:59  Probe  
  22  2:11  Probe  
  22  2:15  Adept (Chrono Boost)  
  23  2:16  Stargate  
  25  2:23  Probe  
  25  2:26  Warp Gate  
  26  2:35  Probe  
  26  2:36  Adept (Chrono Boost)  
  27  2:43  Probe  
  30  2:47  Probe  
  31  2:55  Probe  
  32  2:59  Probe  
  32  3:00  Oracle (Chrono Boost)  
  35  3:07  Probe  
  35  3:11  Probe  
  37  3:14  Adept  
  37  3:19  Probe  
  40  3:24  Probe  
  41  3:29  Oracle (Chrono Boost)  
  41  3:31  Probe  
  45  3:35  Pylon  
  45  3:38  Probe  
  46  3:50  Twilight Council  
  46  3:53  Probe  
  47  4:01  Nexus  
  44  4:03  Probe (Chrono Boost)  
  44  4:05  Probe (Chrono Boost)  
  44  4:09  Forge  
  45  4:15  Probe (Chrono Boost)  
  45  4:16  Stalker  
  49  4:17  Probe (Chrono Boost)  
  49  4:23  Charge, Gateway, Probe (Chrono Boost)  
  50  4:26  Probe (Chrono Boost)  
  50  4:31  Probe  
  51  4:37  Probe  
  53  4:43  Probe  
  54  4:49  Probe, Protoss Ground Weapons Level 1 (Chrono Boost)  
  50  4:55  Probe  
  50  4:58  Gateway  
  50  4:59  Gateway  
  51  5:00  Gateway x2  
  51  5:01  Probe  
  51  5:04  Photon Cannon  
  52  5:07  Probe  
  52  5:13  Probe  
  52  5:14  Probe  
  55  5:16  Zealot  
  55  5:19  Probe  
  55  5:25  Probe  
  55  5:26  Probe  
  54  5:31  Probe  
  52  5:36  Zealot x2  
  52  5:37  Probe  
  52  5:38  Probe  
  58  5:43  Probe  
  58  5:49  Probe  
  59  5:50  Probe  
  59  5:53  Pylon x2  
  59  5:54  Zealot x2  
  59  5:55  Zealot x2  
  59  5:56  Probe  
  69  6:06  Blink  
  69  6:11  Probe x3  
  69  6:15  Zealot x4  
  69  6:16  Zealot x2  
  84  6:22  Pylon  
  84  6:23  Probe  
  85  6:30  Forge  
  85  6:32  Pylon  
  85  6:34  Pylon  
  85  6:35  Protoss Ground Weapons Level 2 (Chrono Boost)  
  85  6:40  Probe x3  
  85  6:43  Pylon  
  85  6:46  Stalker x2, Sentry  
  93  6:52  Probe x2  
  95  6:57  Probe  
  95  7:06  Gateway  
  95  7:08  Gateway, Nexus, Protoss Ground Armor Level 1 (Chrono Boost)  
  95  7:10  Probe x2  
  95  7:14  Probe  
  98  7:18  Shield Battery  
  98  7:21  Stalker x4  
  107  7:30  Probe x2  
  107  7:32  Assimilator  
  107  7:33  Assimilator  
  107  7:34  Assimilator  
  102  7:37  Stalker x2  
  106  7:45  Shield Battery  
  106  7:46  Stalker  
  106  7:47  Stalker, Zealot x2  
  114  7:57  Probe x2  
  110  8:02  Stalker x2  
  110  8:03  Probe  
  110  8:05  Pylon  
  115  8:09  Probe  
  115  8:10  Shield Battery x2, Probe  
  117  8:14  Shield Battery  
  117  8:15  Photon Cannon  
  117  8:19  Pylon  
  111  8:21  Pylon  
  111  8:24  Robotics Facility  
  111  8:35  Stalker x3  
  111  8:36  Probe (Chrono Boost)  
  111  8:37  Zealot x4  
  120  8:43  Probe x2 (Chrono Boost)  
  120  8:44  Probe (Chrono Boost)  
  124  8:48  Probe (Chrono Boost)  
  124  8:53  Probe (Chrono Boost)  
  124  8:54  Probe x2 (Chrono Boost)  
  128  8:55  Probe (Chrono Boost)  
  128  8:58  Probe x2 (Chrono Boost)  
  128  8:59  Probe (Chrono Boost)  
  128  9:00  Stalker x2  
  128  9:02  Probe  
  133  9:06  Stalker  
  133  9:07  Stalker x2  
  138  9:11  Probe  
  138  9:17  Zealot x3, Gateway  
  133  9:18  Immortal (Chrono Boost)  
  139  9:31  Stalker x4  
  145  9:38  Stalker x3  
  136  9:47  Stalker  
  136  9:49  Probe  
  131  9:54  Zealot x4  
  114  10:07  Stalker x3  
  114  10:09  Probe x2  
  114  10:12  Stalker x2  
  112  10:16  Stalker x2  
  112  10:19  Stalker x2  
  112  10:20  Probe x2  
  112  10:21  Probe  
  113  10:31  Zealot x3  
  115  10:41  Stalker x4  
  113  10:43  Shield Battery  
  113  10:44  Nexus  
  113  10:47  Stalker x2  
  111  10:50  Immortal (Chrono Boost)  
  115  11:04  Stalker x5  
  115  11:09  Photon Cannon  
  115  11:10  Protoss Ground Weapons Level 3 (Chrono Boost)  
  125  11:12  Pylon  
  125  11:17  Zealot x2  
  125  11:18  Pylon  
  129  11:23  Stalker x2  
  131  11:29  Stalker x2  
  131  11:30  Zealot x2  
  135  11:39  Zealot x3  
  141  11:45  Immortal  
  143  11:49  Shield Battery, Photon Cannon  
  143  11:50  Zealot x3  
  143  11:51  Zealot  
  135  12:03  Zealot x5  
  139  12:14  Probe x3  
  143  12:15  Probe  
  143  12:17  Stalker  
  143  12:18  Stalker x3  
  151  12:25  Probe  
  151  12:27  Probe  
  137  12:38  Stalker x3  
  137  12:39  Stalker x2  
  137  12:41  Stalker x4  
  148  13:01  Sentry x2  
  148  13:02  Sentry x2  
  152  13:10  Stalker x3  
  150  13:16  Warp Prism  
  150  13:17  Zealot  
  150  13:18  Probe  
  138  13:24  Zealot x3  
  138  13:25  Zealot  
  129  13:29  Pylon  
  129  13:30  Probe x3  
  129  13:33  Zealot x3  
  138  13:38  Photon Cannon  
  138  13:39  Stalker  
  138  13:41  Shield Battery  
  140  13:45  Pylon  
  140  13:48  Zealot x2  
  140  13:49  Zealot x2  
  140  13:52  Assimilator  
  148  13:56  Assimilator  
  148  14:16  Stalker x7  
  162  14:17  Zealot  
  140  14:40  Zealot x8  
Show
View Real Time Build Order
Export as new Build Order

Fjant Zerg 

Build Orders: Hatch First 

Get SALT Encoding   

  12  0:00  Drone  
  13  0:10  Drone  
  13  0:14  Drone, Extractor  
  15  0:37  Hatchery  
  15  0:42  Drone, Extractor  
  15  0:50  Overlord  
  15  1:03  Spawning Pool  
  14  1:10  Drone  
  15  1:13  Drone  
  15  1:15  Drone  
  17  1:22  Drone  
  18  1:32  Drone  
  19  1:45  Drone  
  20  1:50  Queen x2, Zergling x2  
  25  2:00  Drone, Overlord  
  26  2:04  Drone  
  27  2:14  Drone  
  28  2:19  Drone  
  28  2:21  Drone  
  30  2:26  Drone, Queen  
  30  2:27  Queen  
  35  2:32  Drone  
  35  2:35  Extractor  
  35  2:42  Drone  
  36  2:48  Hatchery  
  35  2:53  Overlord  
  35  2:56  Zergling x2  
  35  3:10  Spore Crawler  
  33  3:18  Zergling x4  
  33  3:19  Overlord  
  35  3:20  Drone x5  
  35  3:24  Queen  
  42  3:31  Drone x2  
  44  3:38  Metabolic Boost  
  44  3:41  Drone x2  
  46  3:43  Queen  
  45  4:05  Drone x7  
  52  4:13  Drone x2  
  52  4:16  Spore Crawler  
  53  4:20  Zergling x4  
  55  4:26  Spore Crawler  
  55  4:28  Drone x3  
  57  4:32  Overlord  
  57  4:33  Roach Warren  
  56  4:42  Spore Crawler  
  51  4:53  Drone x13  
  51  4:55  Drone  
  51  4:56  Overlord  
  51  4:59  Overlord  
  66  5:04  Overlord  
  66  5:08  Lair, Extractor  
  66  5:12  Drone x2  
  65  5:14  Drone  
  65  5:16  Drone  
  66  5:23  Drone  
  66  5:24  Drone x2  
  66  5:27  Roach x2  
  66  5:28  Roach  
  74  5:29  Drone x3  
  74  5:32  Drone x2  
  79  5:36  Roach  
  79  5:37  Extractor  
  79  5:39  Drone x2  
  82  5:43  Roach x3  
  82  5:46  Roach  
  82  5:49  Overlord  
  90  5:52  Spine Crawler  
  90  5:53  Spore Crawler  
  90  5:55  Roach  
  88  5:57  Overlord  
  88  6:03  Drone  
  88  6:07  Extractor  
  88  6:10  Drone x2  
  89  6:12  Glial Reconstitution  
  89  6:14  Drone x2  
  89  6:17  Drone x3, Extractor  
  89  6:18  Drone  
  94  6:19  Roach x2  
  94  6:21  Roach  
  100  6:26  Roach  
  100  6:31  Evolution Chamber, Roach  
  103  6:36  Roach  
  105  6:43  Overlord x2  
  105  6:44  Overlord x2  
  105  6:45  Overlord  
  104  6:55  Roach x2  
  104  6:57  Overlord  
  104  7:01  Zerg Missile Weapons Level 1  
  105  7:03  Drone x3  
  105  7:04  Roach x6  
  105  7:07  Ravager  
  121  7:09  Zergling x10  
  126  7:18  Drone x2  
  128  7:23  Roach x3  
  134  7:30  Hatchery, Roach x3  
  134  7:34  Roach x3  
  145  7:39  Zergling x4  
  145  7:41  Overlord  
  145  7:42  Zergling x10  
  151  7:50  Zergling x4  
  151  7:58  Roach x2  
  151  8:02  Roach x5  
  151  8:04  Ravager x2  
  151  8:05  Ravager  
  151  8:08  Roach  
  149  8:13  Roach x4  
  149  8:15  Zergling x8  
  149  8:17  Ravager  
  156  8:21  Zergling x2  
  156  8:26  Extractor  
  156  8:27  Roach x2  
  156  8:31  Overlord  
  156  8:32  Overlord x3  
  160  8:34  Overlord  
  154  8:42  Roach x8  
  154  8:44  Roach  
  164  8:49  Roach  
  164  8:54  Roach x3  
  168  8:59  Roach  
  168  9:00  Roach x3  
  173  9:09  Roach x7  
  186  9:13  Roach x2  
  186  9:15  Zergling x2  
  191  9:21  Roach  
  191  9:22  Roach x2  
  197  9:24  Zergling x2  
  197  9:29  Zergling x8  
  194  9:36  Roach  
  194  9:37  Roach x5  
  192  9:42  Roach x3  
  183  9:47  Roach x3  
  183  9:51  Roach  
  176  9:54  Roach x3  
  168  10:00  Roach x4  
  168  10:03  Ravager x3  
  154  10:08  Roach x3  
  154  10:09  Roach  
  154  10:12  Roach x2  
  151  10:17  Roach x2  
  151  10:20  Roach  
  151  10:21  Roach  
  151  10:24  Roach  
  151  10:26  Roach  
  147  10:31  Roach x3  
  147  10:34  Roach  
  147  10:35  Roach x2  
  140  10:38  Roach  
  140  10:42  Roach  
  131  10:44  Roach  
  131  10:48  Zerg Missile Weapons Level 2  
  125  10:52  Roach  
  125  10:53  Roach x2  
  125  10:54  Ravager  
  128  10:58  Zergling x2  
  128  10:59  Zergling x4  
  128  11:03  Roach  
  131  11:04  Roach  
  131  11:05  Ravager x2  
  131  11:07  Drone  
  131  11:09  Drone  
  137  11:14  Roach  
  137  11:15  Ravager, Roach  
  137  11:16  Ravager  
  137  11:18  Roach  
  145  11:22  Roach x2  
  145  11:24  Roach  
  145  11:25  Roach  
  153  11:29  Roach x3  
  159  11:33  Roach x3  
  159  11:38  Roach x3  
  167  11:41  Roach  
  167  11:45  Roach x3  
  162  11:49  Roach x3  
  162  11:53  Roach  
  157  11:57  Roach x4  
  157  11:58  Roach  
  153  12:05  Roach x5  
  155  12:10  Roach  
  155  12:13  Roach x3  
  163  12:21  Roach  
  164  12:24  Roach x5  
  174  12:34  Roach x3  
  174  12:44  Ravager x4  
  174  12:45  Zergling x2  
  174  12:49  Hatchery  
  178  12:54  Roach x3  
  182  13:00  Roach x2  
  170  13:09  Roach x3  
  146  13:17  Roach x3  
  131  13:26  Roach  
  131  13:27  Roach x2  
  103  13:33  Ravager x3  
  96  13:36  Ravager  
  96  13:38  Ravager  
  96  13:39  Roach x3  
  104  13:43  Ravager x2  
  104  13:48  Roach x3  
  112  13:59  Roach  
  112  14:00  Roach x2  
  118  14:03  Roach  
  118  14:09  Roach  
  124  14:10  Roach x2  
  124  14:13  Roach x4  
  134  14:18  Roach x3  
  134  14:23  Roach x4  
Tags
 
Add a new tag
Caveats
  • Supply blocks, unpowered buildings, or Contaminate may cause inaccurate times.
  • Supply counts are checked every 10 seconds.